Map: Newkirk Precinct TE (Void)

Players

Musumeci - Winner!

  • Race: Zerg Zerg
  • League: Diamond
  • Spawn Location: 5:00

Ashrow

  • Race: Zerg Zerg
  • League: Diamond
  • Spawn Location: 7:00

VOD

Have the link to the VOD?

Description

Time

  • Played on: Dec. 30, 2016, 2:15 p.m.
  • Length: 7:20
Show
View Real Time Build Order
Export as new Build Order

Musumeci Zerg - Winner!

Build Orders: Hatch First 

Get SALT Encoding   

  12  0:01  Drone  
  13  0:18  Drone  
  13  0:21  Drone, Extractor  
  15  0:51  Hatchery  
  14  0:57  Spawning Pool  
  14  1:00  Extractor  
  14  1:03  Drone  
  13  1:08  Drone  
  14  1:27  Overlord  
  14  1:45  Queen  
  14  1:46  Zergling x2  
  17  1:48  Drone  
  17  1:50  Drone  
  20  2:01  Drone  
  20  2:04  Metabolic Boost  
  20  2:10  Zergling x2  
  21  2:22  Baneling Nest  
  20  2:31  Queen  
  22  2:44  Zergling x6  
  25  2:55  Queen  
  27  3:00  Zergling x2  
  28  3:05  Baneling x3  
  26  3:37  Zergling x4  
  28  3:43  Overlord  
  27  4:10  Baneling  
  25  4:23  Zergling x22  
  35  4:30  Drone  
  35  4:31  Drone x2  
  36  4:38  Lair, Extractor  
  35  4:48  Drone  
  36  5:03  Evolution Chamber  
  36  5:04  Evolution Chamber  
  36  5:06  Evolution Chamber  
  33  5:24  Drone  
  33  5:25  Drone x2  
  32  5:42  Zergling x6  
  35  5:52  Spire  
  35  5:53  Extractor  
  35  5:54  Zergling x4  
  35  5:55  Extractor  
  31  6:10  Zergling x8  
  33  6:13  Zergling x2  
  33  6:17  Overlord  
  33  6:22  Zergling x2  
  33  6:23  Zergling x2  
  33  6:31  Zergling x2  
  33  6:32  Zergling x2  
  34  6:44  Drone  
  35  6:55  Zergling x2  
Show
View Real Time Build Order
Export as new Build Order

Ashrow Zerg 

Build Orders: Pool First 

Get SALT Encoding   

  12  0:01  Drone  
  13  0:14  Overlord  
  13  0:19  Drone  
  14  0:32  Drone x2  
  16  0:39  Drone, Extractor  
  16  0:51  Spawning Pool  
  16  0:53  Drone  
  16  1:19  Hatchery  
  16  1:24  Drone  
  16  1:27  Drone  
  16  1:31  Drone  
  18  1:41  Metabolic Boost  
  18  1:49  Overlord  
  18  2:02  Drone  
  18  2:04  Queen  
  18  2:07  Zergling x2  
  22  2:10  Zergling x2  
  23  2:22  Drone  
  24  2:23  Baneling Nest  
  23  2:30  Zergling x2  
  23  2:33  Zergling x2  
  25  2:38  Queen  
  27  2:47  Zergling x4  
  29  2:52  Drone  
  29  2:55  Drone  
  31  3:01  Overlord  
  31  3:05  Drone  
  32  3:10  Baneling x4  
  32  3:15  Drone  
  32  3:29  Drone x4  
  32  3:33  Drone  
  32  3:38  Zergling x4  
  34  3:48  Zergling x8  
  37  4:00  Drone x4  
  41  4:08  Overlord x2  
  37  4:24  Overlord x2  
  37  4:31  Drone  
  38  4:46  Overlord  
  38  4:47  Zergling x4  
  38  4:48  Roach Warren  
  39  4:55  Hatchery  
  39  4:58  Drone x2  
  39  4:59  Drone x2  
  42  5:05  Spine Crawler  
  39  5:15  Drone x6  
  33  5:41  Roach x2  
  33  5:42  Roach x3  
  36  5:56  Roach  
  36  5:57  Roach  
  40  6:09  Roach  
  40  6:10  Roach x2  
  45  6:23  Roach x2  
  47  6:36  Extractor  
  46  6:43  Ravager x4  
  50  6:48  Hatchery  
  49  6:55  Roach x2  
Tags
 
Add a new tag
Caveats
  • Supply blocks, unpowered buildings, or Contaminate may cause inaccurate times.
  • Supply counts are checked every 10 seconds.